 Dungeon Crawl Stone Soup version 0.26.1-11-gd32895ea62 (webtiles) character file.

Game seed: 11888686941063534999

41 Zeld the Sneak (level 3, -1/24 HPs)
             Began as an Octopode Brigand on May 15, 2021.
             Slain by a quokka (2 damage)
             ... on level 2 of the Dungeon.
             The game lasted 00:01:29 (1422 turns).

Zeld the Sneak (Octopode Brigand)                   Turns: 1422, Time: 00:01:29

Health: -1/24      AC:  1    Str: 11    XL:     3   Next: 52%
Magic:  4/5        EV: 13    Int: 13    God:
Gold:   56         SH:  0    Dex: 13    Spells: 4/4 levels left

rFire    . . .     SeeInvis .   a - +2 dagger
rCold    . . .     Faith    .   (no shield)
rNeg     . . .     Spirit   .   (helmet restricted)
rPois    .         Reflect  .   (no amulet)
rElec    .         Harm     .   (no ring)
rCorr    .         Rampage  .   (no ring)
Will     .....                  (no ring)
Stlth    ++++......             (no ring)
HPRegen  0.08/turn              (no ring)
MPRegen  0.09/turn              (no ring)
                                (no ring)
                                (no ring)

@: no status effects
A: almost no armour, stealthy swim, amphibious, 8 rings, constrict 8, camouflage
1, gelatinous body 1
a: no special abilities


You were on level 2 of the Dungeon.
You visited 1 branch of the dungeon, and saw 2 of its levels.

You collected 56 gold pieces.

Inventory:

Hand Weapons
 a - a +2 dagger (weapon)
Missiles
 b - 8 poisoned darts (quivered)
 c - 8 curare-tipped darts
Scrolls
 e - a scroll of noise {unknown}
 f - a scroll of immolation {unknown}
 i - a scroll of teleportation {unknown}
Potions
 d - 3 potions of flight {unknown}
 g - a potion of might {unknown}
 h - a potion of haste {unknown}


   Skills:
 - Level 2.0 Fighting
 - Level 2.0 Short Blades
 * Level 3.3 Throwing
 - Level 1.0 Dodging
 - Level 5.3 Stealth
 + Level 1.3 Spellcasting


You had 4 spell levels left.
You didn't know any spells.
Your spell library was empty.

Dungeon Overview and Level Annotations

Branches:
Dungeon (2/15)

Altars:


Innate Abilities, Weirdness & Mutations

You cannot wear most types of armour.
You are very stealthy in the water. (Stealth+)
You are amphibious.
You can wear up to eight rings at the same time.
You can use your tentacles to constrict eight enemies at once.
Your skin changes colour to match your surroundings (Stealth+).
Your rubbery body absorbs attacks. (AC +1, EV +1)


Message History

You hit the jackal. Your grab misses the jackal.
The jackal is almost dead.
The jackal closely misses you. The jackal bites you.
You hit the jackal.
You kill the jackal!
The jackal closely misses you.
You are too injured to fight recklessly!
The quokka bites you.
* * * LOW HITPOINT WARNING * * *
There is a stone staircase leading up here.
You closely miss the quokka. Your grab misses the quokka. The quokka bites you.
* * * LOW HITPOINT WARNING * * *
You barely miss the quokka. Your grab misses the quokka. The jackal misses you.
The quokka bites you.
* * * LOW HITPOINT WARNING * * *
The jackal bites you.
* * * LOW HITPOINT WARNING * * *
There are no items here.
The quokka bites you.
You die...

.... .... ######
..... #....#
...J.######.#..##
..............>.#
......# #.<#
#.>..####..#
#..†...Jr@#
#.#...#.h##
#.#..#.....#
#.##...###... ..
$..## . ####.#.#
#.#.# #.#.# ..


You could see an ooze, a quokka and a jackal.

Vanquished Creatures
  An ooze (D:1)
  2 ball pythons (D:1)
  A giant cockroach (D:1)
  5 goblins (D:1)
  7 hobgoblins
  5 jackals
  A quokka (D:2)
  A bat (D:1)
  5 kobolds (D:1)
  A rat (D:1)
29 creatures vanquished.

Notes
Turn   | Place    | Note
-------+----------+-------------------------------------------
     0 | D:1      | Zeld the Octopode Brigand began the quest for the Orb.
     0 | D:1      | Reached XP level 1. HP: 14/14 MP: 1/1
   185 | D:1      | Reached XP level 2. HP: 8/19 MP: 2/2
   402 | D:1      | Reached skill level 1 in Spellcasting
   724 | D:1      | Reached XP level 3. HP: 24/24 MP: 4/4
  1421 | D:2      | HP: 1/24 [jackal (2)]
  1422 | D:2      | Slain by a quokka

Illustrated notes

Levels and vault maps discovered:
D:1:      minmay_arrival_doors, layout_loops_ring, minmay_heptomino_h4
D:2:      layout_rooms, lemuel_doored_altar, kennysheep_big_empty_room

Skill      XL: |  1  2 |
---------------+-------+-----
Spellcasting   | 1 |  1.3
Throwing       | 3 |  3.3
Fighting       | |  2.0
Short Blades   | |  2.0
Dodging        | |  1.0
Stealth        | |  5.3

Action                   || total
-------------------------++-------
Melee: Dagger            ||    63
       Constrict         ||    17
       Tentacles         ||    11
 Stab: Sleeping          ||     8
Armor: Skin              ||     5
Dodge: Dodged            ||    32
